 Dungeon Crawl Stone Soup version 0.30-a0-377-g5cb311bc9f (webtiles) character file.

Game seed: 14333849678573974316

25 KennySheep the Shooter (level 2, -4/24 HPs)
             Began as a Demigod Hunter on Nov 29, 2022.
             Slain by an orc
             ... wielding a +0 war axe
              (8 damage)
             ... on level 2 of the Dungeon.
             The game lasted 00:01:07 (679 turns).

KennySheep the Shooter (Demigod Hunter)              Turns: 679, Time: 00:01:07

Health: -4/24      AC:  8    Str: 12    XL:     2   Next: 66%
Magic:  4/4        EV: 10    Int: 11    God:
Gold:   60         SH:  0    Dex: 17    Spells: 1/1 levels left

rFire   . . .      SeeInvis .    a - +0 shortbow
rCold   . . .      Faith    .    (shield currently unavailable)
rNeg    . . .      Spirit   .    h - +3 ring mail
rPois   .          Reflect  .    (no helmet)
rElec   .          Harm     .    (no cloak)
rCorr   .          Rampage  .    (no gloves)
Will    .....                    (no boots)
Stlth   +.........               (no amulet)
HPRegen 0.24/turn                (no ring)
MPRegen 0.09/turn                (no ring)

@: no status effects
A: high MP 1, forlorn, divine attributes
a: no special abilities


You were on level 2 of the Dungeon.
You visited 1 branch of the dungeon, and saw 2 of its levels.

You collected 60 gold pieces.

Inventory:

Hand Weapons
 a - a +0 shortbow (weapon)
Armour
 c - a +0 leather armour
 h - a +3 ring mail (worn)
Jewellery
 d - a ring of protection from cold
Scrolls
 b - a scroll of immolation
 e - 2 scrolls of teleportation {unknown}
 g - a scroll of butterflies {unknown}
 i - a scroll of poison {unknown}
Potions
 f - a potion of might {unknown}


   Skills:
 - Level 1.7 Fighting
 + Level 4.4 Ranged Weapons
 + Level 0.0 Armour
 - Level 1.7 Dodging
 - Level 0.8 Stealth


You had one spell level left.
You didn't know any spells.
Your spell library contained the following spells:

 Spells                   Type           Power      Damage    Failure   Level
 Beastly Appendage        Tmut           0%         N/A       63%         1
 Wereblood                Tmut           0%         N/A       77%         2
 Spider Form              Tmut/Pois      0%         N/A       94%         3


Dungeon Overview and Level Annotations

Branches:
Dungeon (2/15)


Innate Abilities, Weirdness & Mutations

You have an increased reservoir of magic. (+10% MP)
You shall have no god before yourself.
Your divine heritage dramatically boosts your attributes as you level up.


Message History

You shoot an arrow. The arrow closely misses the bat.
The bat barely misses you. The bat closely misses you.
You shoot an arrow. The arrow misses the bat.
The bat closely misses you.
You shoot an arrow. The arrow hits the bat.
You kill the bat!
No target in view!
No target in view!
You now have 60 gold pieces (gained 3). 3 orcs come into view.
The orc shouts! x2; You hear a shout!
An orc priest comes into view. It is wielding a +0 club.
There are monsters nearby!
There are monsters nearby!
You shoot an arrow. The arrow completely misses the orc.
The orc shouts!
The arrow hits the orc priest!
The orc priest is heavily wounded.
The orc closely misses you.
You shoot an arrow. The arrow hits the orc.
The orc is severely wounded.
The orc hits you but does no damage. x2
You shoot an arrow.
The arrow hits the orc but does no damage.
The orc is severely wounded.
The orc barely misses you.
You shoot an arrow.
The arrow hits the orc but does no damage.
The orc is severely wounded.
The orc hits you but does no damage.
The orc priest mumbles some strange prayers to Beogh against you.
Beogh smites you!
Ouch! That really hurt!
You shoot an arrow.
The arrow closely misses the orc priest.
You hear a shout!
A kobold comes into view. It is wielding a +0 club.
The orc attacks as you move away! The orc hits you with a +0 war axe!
* * * LOW HITPOINT WARNING * * *
The orc attacks as you move away! The orc hits you with a +0 war axe!
You die...

#...##K#..##.#.
##...o##....
#..##.#$.# .
#.#.##o.#.##..#
###....##....#
#.#..#o##o.# #
.....##.#..##.#.
##.###†..o##....# #
#..##@#..##.#.
...#.##..#.##..# ###
#....##....##
##...#.##..#.##..# #
.>†..##.#..##.#..##.#
# #....##....##....#
.. #..##†#..##.#..#
.#..# #.#
#..#.##..#.##..# # .(
#....##....##....# ..


You could see an orc priest and 2 orcs.

Vanquished Creatures
  A worm (D:2)
  4 ball pythons
  5 bats
  4 endoplasms (D:1)
  A goblin (D:1)
  A hobgoblin (D:1)
  3 kobolds (D:1)
  A frilled lizard (D:1)
  2 rats (D:1)
22 creatures vanquished.

Notes
Turn   | Place    | Note
-------+----------+-------------------------------------------
     0 | D:1      | KennySheep the Demigod Hunter began the quest for the Orb.
     0 | D:1      | Reached XP level 1. HP: 17/17 MP: 3/3
    77 | D:1      | Reached skill level 4 in Ranged Weapons
   167 | D:1      | Reached XP level 2. HP: 24/24 MP: 4/4
   679 | D:2      | Slain by an orc

Illustrated notes

Levels and vault maps discovered:
D:1:      minmay_arrival_four_houses, layout_rooms,
          hellmonk_ecumenical_altar_zigzags
D:2:      layout_loops_cross, nicolae_eternal_life, minmay_increasing_density

Skill      XL: |  1 |
---------------+----+-----
Ranged Weapons | 4 |  4.4
Fighting       | |  1.7
Dodging        | |  1.7
Stealth        | |  0.8

Action                   || total
-------------------------++-------
 Fire: Shortbow          ||    67
Armor: Leather armour    ||     5
       Ring mail         ||     7
Dodge: Dodged            ||    12

Table legend: (Time is in decaauts)
 A = Elapsed time spent in this place.
 B = Non-inter-level travel time spent in this place.
 C = Inter-level travel time spent in this place.
 D = Time resting spent in this place.
 E = Time spent auto-exploring this place.
 F = Levels seen in this place.
 G = Mean time per level.
                   A        B        C        D        E       F      G
               +--------+--------+--------+--------+--------+-----+--------+
         Total |    703 |    672 |     31 |      0 |    524 |   2 |  351.5 |
       Dungeon |    703 |    672 |     31 |      0 |    524 |   2 |  351.5 |
               +--------+--------+--------+--------+--------+-----+--------+

Top non-repeatable levels by time:
     D:1: 580 daAuts
     D:2: 123 daAuts
